 Dungeon Crawl Stone Soup version 0.31-a0-1019-g3dd9dd1025 (webtiles) character file.

Game seed: 3652946021342681100

324795 Drangen the Slayer (level 20, -5/126 HPs)
             Began as a Spriggan Hunter on Nov 17, 2023.
             Was the Champion of Okawaru.
             Shot with an arrow by a deep elf archer (22 damage)
             ... on level 1 of the Elven Halls.
             The game lasted 01:24:44 (38273 turns).

Drangen the Slayer (Spriggan Hunter)               Turns: 38273, Time: 01:24:44

Health: -5/126     AC: 24    Str:  3    XL:     20   Next: 72%
Magic:  21/21      EV: 30    Int: 22    God:    Okawaru [******]
Gold:   3823       SH:  5    Dex: 35    Spells: 19/19 levels left

rFire   + + .        S - +6 shortbow "Xupt" {drain, Fragile rF++ Int+2 Dex+2}
rCold   + . .        (shield currently unavailable)
rNeg    + + .        a - +10 swamp dragon scales of Olure {rPois Regen+ Int+3 Dex-4}
rPois   +            H - +0 hat of the Soldier {Dex+5}
rElec   +            V - +2 cloak {rCorr}
rCorr   +            (gloves unavailable)
SInv    +            (boots unavailable)
Will    +++..        A - amulet "Mugagung" {Reflect rC+ Int+3 SH+5}
Stlth   ++++         m - ring of the Gloaming {rElec rN+ EV+5 Str-4}
HPRegen 1.21/turn    r - ring of Daisies {rN+ Int+3 Dex+5}
MPRegen 0.17/turn

%: reflection
@: very quick
A: very small, no large weapons, unfitting armour, see invisible, speed 3
}: 2/15 runes: decaying, serpentine
a: Renounce Religion, Heroism, Finesse, Duel


You were on level 1 of the Elven Halls.
You worshipped Okawaru.
Okawaru was exalted by your worship.
You visited 9 branches of the dungeon, and saw 35 of its levels.
You also visited: Trove, Bailey and Ice Cave.

You collected 4882 gold pieces.
You spent 1059 gold pieces at shops.

Inventory:

Hand Weapons
 c - a +9 heavy shortbow
 S - the +6 shortbow "Xupt" (weapon) {drain, Fragile rF++ Int+2 Dex+2}
   (You found it on level 1 of the Snake Pit)

   Int+2:     It affects your intelligence (+2).
   Dex+2:     It affects your dexterity (+2).
   rF++:      It greatly protects you from fire.
   Fragile:   It will be destroyed if unequipped.
Armour
 a - the +10 swamp dragon scales of Olure (worn) {rPois Regen+ Int+3 Dex-4}
   (Okawaru gifted it to you on level 8 of the Dungeon)

   Int+3:     It affects your intelligence (+3).
   Dex-4:     It affects your dexterity (-4).
   rPois:     It protects you from poison Regen+: It increases your rate of
   health regeneration.
 H - the +0 hat of the Soldier (worn) {Dex+5}
   (You found it on level 9 of the Dungeon)

   Dex+5:     It affects your dexterity (+5).
 V - a +2 cloak of preservation (worn)
Jewellery
 m - the ring of the Gloaming (left hand) {rElec rN+ EV+5 Str-4}
   (You found it in a treasure trove)

   [ring of evasion]

   EV+5:      It affects your evasion (+5).
   Str-4:     It affects your strength (-4).
   rElec:     It insulates you from electricity.
   rN+:       It protects you from negative energy.
 r - the ring of Daisies (right hand) {rN+ Int+3 Dex+5}
   (You bought it in a shop on level 3 of the Snake Pit)

   [ring of positive energy]

   Int+3:     It affects your intelligence (+3).
   Dex+5:     It affects your dexterity (+5).
   rN+:       It protects you from negative energy.
 A - the amulet "Mugagung" (around neck) {Reflect rC+ Int+3 SH+5}
   (You found it in a treasure trove)

   [amulet of reflection]

   Reflect:   It reflects blocked missile attacks.
   Int+3:     It affects your intelligence (+3).
   rC+:       It protects you from cold.
   SH+5:      It affects your SH (+5).
 L - an amulet of regeneration
Wands
 k - a wand of polymorph (16)
 y - a wand of mindburst (17)
 D - a wand of iceblast (17)
 E - a wand of quicksilver (37)
 G - a wand of flame (51)
 J - a wand of digging (11)
Scrolls
 b - a scroll of butterflies
 d - 5 scrolls of enchant weapon
 e - 6 scrolls of fog
 l - 13 scrolls of teleportation
 n - 6 scrolls of fear
 z - a scroll of blinking
 B - a scroll of vulnerability
 I - 14 scrolls of identify
 K - 3 scrolls of revelation
 Q - a scroll of brand weapon
 T - 3 scrolls of immolation
 U - 2 scrolls of amnesia
Potions
 f - 6 potions of attraction
 h - 5 potions of magic
 i - 8 potions of haste
 j - 7 potions of curing
 o - 4 potions of berserk rage
 q - 6 potions of mutation
 s - a potion of enlightenment
 t - 2 potions of invisibility
 u - 5 potions of brilliance
 w - 4 potions of cancellation
 C - 2 potions of might
 N - 3 potions of resistance
 O - 4 potions of lignification


   Skills:
 + Level 21.3 Fighting
 - Level 15.3 Ranged Weapons
 * Level 13.4 Armour
 + Level 19.9 Dodging
 + Level 7.4 Stealth
 + Level 2.5 Shields
 + Level 3.7 Evocations


You had 19 spell levels left.
You didn't know any spells.
Your spell library contained the following spells:

 Spells                   Type           Power      Damage    Failure   Level
 Foxfire                  Conj/Fire      0%         2x1d4     58%         1
 Kiss of Death            Conj/Necr      0%         2d5       58%         1
 Magic Dart               Conj           0%         1d3       58%         1
 Blink                    Tloc           0%         N/A       73%         2
 Cigotuvi's Dreadful Rot  Necr/Pois/Air  0%         N/A       73%         2
 Ensorcelled Hibernation  Hex/Ice        0%         N/A       73%         2
 Lesser Beckoning         Tloc           0%         N/A       73%         2
 Momentum Strike          Conj/Tloc      0%         3d8       73%         2
 Passwall                 Tmut/Erth      0%         N/A       73%         2
 Scorch                   Fire           0%         2d5       73%         2
 Confusing Touch          Hex            0%         N/A       91%         3
 Gell's Gravitas          Tloc           0%         N/A       91%         3
 Ignite Poison            Fire/Tmut/Pois 0%         N/A       91%         3
 Mephitic Cloud           Conj/Pois/Air  0%         N/A       91%         3
 Swiftness                Air            0%         N/A       91%         3
 Teleport Other           Tloc           0%         N/A       91%         3
 Vampiric Draining        Necr           0%         2d6       91%         3
 Dispel Undead            Necr           0%         3d6       100%        4
 Flame Wave               Conj/Fire      0%         2d4       100%        4
 Passage of Golubria      Tloc           0%         N/A       100%        4
 Sticky Flame             Conj/Fire      0%         2d3       100%        4
 Vhi's Electric Charge    Tloc/Air       0%         N/A       100%        4
 Arcjolt                  Conj/Air       0%         1d10      100%        5
 Borgnjor's Vile Clutch   Necr/Erth      0%         N/A       100%        5
 Freezing Cloud           Conj/Ice/Air   0%         6-21      100%        5
 Yara's Violent Unravell  Hex/Tmut       0%         3d3       100%        5
 Dispersal                Tloc           0%         N/A       100%        6
 Eringya's Noxious Bog    Tmut/Pois      0%         4d6       100%        6
 Plasma Beam              Fire/Air       0%         2x1d10    100%        6
 Orb of Destruction       Conj           0%         9d5       100%        7
 Ozocubu's Refrigeration  Ice            0%         4d7       100%        7
 Borgnjor's Revivificati  Necr           0%         N/A       100%        8
 Polar Vortex             Ice            0%         N/A       100%        9
 Call Imp                 Summ           Unusable   N/A       N/A         2
 Summon Guardian Golem    Hex/Summ       Unusable   N/A       N/A         3
 Tukima's Dance           Hex            Unusable   N/A       N/A         3
 Summon Forest            Summ/Tloc      Unusable   N/A       N/A         5
 Simulacrum               Ice/Necr       Unusable   N/A       N/A         6
 Summon Cactus Giant      Summ           Unusable   N/A       N/A         6
 Malign Gateway           Summ/Tloc      Unusable   N/A       N/A         7
 Spellforged Servitor     Conj/Summ      Unusable   N/A       N/A         7
 Summon Hydra             Summ           Unusable   N/A       N/A         7
 Summon Horrible Things   Summ           Unusable   N/A       N/A         8

Dungeon Overview and Level Annotations

Branches:
Dungeon (15/15)            Temple (1/1) D:4            Lair (5/5) D:9
  Swamp (4/4) Lair:2        Snake (4/4) Lair:2        Slime (0/5) Lair:5
    Orc (2/2) D:12            Elf (1/3) Orc:2        Vaults (2/5) D:13
 Depths (1/4) D:15         Bailey (visited)           IceCv (visited)
  Crypt: Vaults:2-3

Altars:
Ashenzari
Cheibriados
Dithmenos
Elyvilon
Fedhas
Gozag
Hepliaklqana
Kikubaaqudgha
Makhleb
Nemelex Xobeh
Okawaru
Qazlal
Ru
Sif Muna
Trog
Uskayaw
Vehumet
Wu Jian
Xom
Yredelemnul
Zin
The Shining One
Lugonu

Shops:
Orc:2 ([=*   Elf:1 *   Snake:1 :   Snake:2 :=:   Snake:3 =?   Snake:4 [
Vaults:2 =   Depths:1 *

Portals:
Hell: Depths:1
Abyss: Lair:5
Pandemonium: Depths:1

Annotations:
Orc:1 2 transporters, Gopad's ghost, journeyman DrSh
Vaults:2 Mennas


Innate Abilities, Weirdness & Mutations

You are very small and have problems with some larger weapons.
You are too small for most types of armour.
You have supernaturally acute eyesight. (SInv)
You cover ground extremely quickly. (Speed+++)


Message History

You blink.
You are too injured to fight recklessly!
Unknown command.
Fire: S) +6 shortbow "Xupt" {drain, Fragile rF++ Int+2 Dex+2}
Press: ? - help, Shift-Dir - straight line, f/p - deep elf pyromancer
Aim: a deep elf pyromancer, wielding a +0 rapier (severely wounded, 75% to hit)
You shoot an arrow.
The arrow hits the deep elf pyromancer!!
You kill the deep elf pyromancer!
Okawaru accepts your kill.
The fire elemental disappears in a puff of smoke!
The deep elf archer shoots an arrow.
The arrow barely misses you.
The arrow hits the deep elf pyromancer!!
The deep elf pyromancer casts a spell.
The deep elf pyromancer blinks!
Fire: S) +6 shortbow "Xupt" {drain, Fragile rF++ Int+2 Dex+2}
Press: ? - help, Shift-Dir - straight line, f - deep elf pyromancer
Aim: a deep elf pyromancer, wielding a +0 long sword of electrocution (almost dead, lightly drained, 75% to hit)
You shoot an arrow.
The arrow hits the deep elf pyromancer!!
You kill the deep elf pyromancer!
Okawaru accepts your kill.
The +1 halberd of distortion hits you but does no damage.
You blink.
The deep elf archer shoots an arrow.
The arrow hits you but does no damage.
The deep elf archer mumbles some strange words.
The deep elf archer blinks!
You block the fire elemental's attack.
You block the +1 heavy halberd's attack.
The +1 halberd of distortion hits you.
* * * LOW HITPOINT WARNING * * *
Space warps around you.
* * * LOW HITPOINT WARNING * * *
The deep elf pyromancer casts a spell.
The deep elf pyromancer blinks!
Blink to where?
Press: ? - help, Dir - move target
As you read the scroll of blinking, it crumbles to dust.
You block the fire elemental's attack.
The deep elf archer shoots an arrow.
The arrow hits you!!
You die...

.8.°......(.Ee.
∩☼.####.#####..
.8#)##....# . .
#.#..).#
#....)#
###.)(§###
#..e.(...#
#...)§E..#
###e.°@###
#)..)# #..§.#
#....# ######


You could see a deep elf archer (repels missiles), a deep elf pyromancer, a fire
elemental (summoned) and 2 dancing weapons.

Vanquished Creatures
  Jorgrun (Snake:3)
  2 tentacled monstrosities
  Zenata (Vaults:1)
  Rupert (D:12)
  2 Ice Fiends (IceCv)
  Mlioglotl (Snake:2)
  The ghost of glosham the Archmage, an adept DESh of Gozag (Snake:1)
  2 thorn hunters
  Aizul (Depths:1)
  Donald (Snake:2)
  Roxanne (D:14)
  A fenstrider witch (Swamp:3)
  2 fire giants (Depths:1)
  2 frost giants (Depths:1)
  A nagaraja (Snake:3)
  The ghost of Drangen the Crack Shot, an adept SpHu of Okawaru (Swamp:3)
  A deep elf sorcerer (Orc:2)
  A ghoul (Swamp:3)
  7 ironbound preservers
  The ghost of Tinttamiau the Marksspriggan, an adept SpAr of Fedhas (Snake:3)
  2 stone giants (Depths:1)
  2 orc warlords
  4 very ugly things (Depths:1)
  A deep elf demonologist (Orc:2)
  A formless jellyfish (Vaults:1)
  Azrael (D:15)
  2 ironbound thunderhulks
  5 eleionomae
  4 bunyips
  A deep elf death mage (Orc:2)
  3 shambling mangroves
  3 ettins
  2 fire dragons (Depths:1)
  3 yaktaur captains (Vaults:1)
  A great orb of eyes (Vaults:1)
  2 ironbound frosthearts (Vaults:1)
  8 centaur warriors
  4 salamander tyrants (Snake:4)
  22 hydras
  2 rakshasas (Depths:1)
  2 alligators (Swamp:4)
  2 ghost crabs (Swamp:3)
  A two-headed ogre (shapeshifter) (D:13)
  An ogre mage (D:15)
  2 tengu warriors
  Erica (D:10)
  2 catoblepae
  A deep troll shaman (Depths:1)
  13 anacondas
  5 boulder beetles
  A deep troll earth mage (Depths:1)
  3 dancing weapons
  6 death yaks (Lair:5)
  10 two-headed ogres
  15 naga warriors
  4 orc high priests (Orc:2)
  22 naga sharpshooters
  2 thrashing horrors (Lair:5)
  A storm dragon zombie (Depths:1)
  A deep elf knight (Elf:1)
  11 shock serpents
  3 skysharks
  8 salamander mystics
  An iron troll (Depths:1)
  4 spriggan druids
  10 goliath frogs
  5 skeletal warriors (D:12)
  10 swamp dragons
  8 bog bodies
  An obsidian statue (IceCv)
  A storm dragon skeleton (Depths:1)
  11 naga ritualists
  2 bunyip zombies (Swamp:3)
  14 deep trolls
  A shadow demon (Depths:1)
  8 deep elf archers
  Pikel (D:7)
  An arcanist (Vaults:2)
  4 large abominations (Lair:5)
  13 lindwurms
  8 ironbound convokers
  2 necromancers
  13 deep elf pyromancers
  A bunyip skeleton (Swamp:3)
  5 orc knights
  6 deep elf zephyrmancers
  A wolf spider (D:12)
  22 mana vipers
  An orc sorcerer (Orc:2)
  7 cyclopes
  A faun (Lair:3)
  5 will-o-the-wisps
  16 ugly things
  22 salamanders
  A manticore (D:12)
  A stone giant zombie (Depths:1)
  9 guardian serpents
  6 elephants (Lair:5)
  48 black mambas
  A frost giant skeleton (Depths:1)
  A gargoyle (D:12)
  8 cane toads
  3 smoke demons (Lair:5)
  2 vault sentinels (Vaults:1)
  An ice statue (Swamp:1)
  Jeremiah (D:7)
  23 naga magi
  2 kobold demonologists
  2 unseen horrors
  Maggie (D:7)
  An unseen horror (shapeshifter) (Lair:5)
  3 rime drakes
  10 komodo dragons
  4 freezing wraiths (IceCv)
  5 ice devils (IceCv)
  5 yaktaurs (D:15)
  2 efreet
  2 tengu conjurers
  4 bloated husks
  A polar bear (shapeshifter) (Depths:1)
  6 trolls
  Prince Ribbit (D:9)
  A raiju (shapeshifter) (D:12)
  8 tyrant leeches
  A tarantella (shapeshifter) (D:15)
  12 hornets
  27 blink frogs
  4 polar bears
  2 alligator simulacra (IceCv)
  A dream sheep (Lair:3)
  2 raiju (Lair:5)
  4 shadows
  27 slime creatures
  3 air elementals
  A centaur simulacrum (D:15)
  2 vampires
  17 spriggans
  2 ynoxinuls (Lair:5)
  2 spriggans (shapeshifter)
  7 water elementals
  4 wraiths
  4 wyverns
  2 fire elementals
  4 humans (D:13)
  A steam dragon (D:10)
  9 basilisks
  40 yaks
  9 vampire mosquitoes
  6 minotaur simulacra (IceCv)
  A chaos spawn (Lair:5)
  A warg (Orc:2)
  65 nagas
  A harpy simulacrum (IceCv)
  13 swamp worms
  2 hydra simulacra (IceCv)
  3 hell hounds (D:15)
  15 water moccasins
  4 ice beasts
  41 orc warriors
  6 swamp drakes
  An ettin simulacrum (IceCv)
  A hornet zombie (Swamp:3)
  A spriggan simulacrum (Swamp:3)
  2 sky beasts
  10 ogres
  8 small abominations (Lair:5)
  22 wolves
  6 boggarts (Vaults:1)
  A swamp dragon skeleton (Swamp:3)
  6 centaurs
  A phantom (D:5)
  3 lemures (D:7)
  An earth elemental (Elf:1)
  8 bullfrogs
  2 scorpions
  4 deep troll simulacra (IceCv)
  5 wights (D:9)
  40 killer bees
  2 lindwurm simulacra (IceCv)
  An electric eel (D:15)
  A howler monkey (D:11)
  A centaur zombie (D:8)
  34 orc priests
  2 jellies
  A gnoll bouda (D:5)
  3 hounds
  An iron imp (D:5)
  4 sleepcaps
  9 iguanas
  27 orc wizards
  3 killer bee zombies (D:8)
  A mummy (D:8)
  23 gnolls
  7 adders
  4 white imps
  2 ufetubi (D:5)
  2 worms (D:3)
  A dart slug (D:1)
  80 orcs
  4 ball pythons
  4 endoplasms
  A giant cockroach (D:4)
  29 goblins
  10 hobgoblins
  4 jackals (D:4)
  5 kobolds
  3 quokkas
  5 bats
  A frilled lizard (D:3)
  3 rats
1334 creatures vanquished.

Vanquished Creatures (others)
  An eleionoma (Swamp:3)
  A deep elf knight (Elf:1)
  A bunyip skeleton (Swamp:3)
  A deep elf pyromancer (Elf:1)
  2 bloated husks (Swamp:3)
  2 hornets
  16 foxfires
  4 starspawn tentacles (Snake:2)
28 creatures vanquished.

Grand Total: 1362 creatures vanquished

Notes
Turn   | Place    | Note
-------+----------+-------------------------------------------
     0 | D:1      | Drangen the Spriggan Hunter began the quest for the Orb.
     0 | D:1      | Reached XP level 1. HP: 10/10 MP: 2/2
   105 | D:1      | Reached XP level 2. HP: 14/14 MP: 3/3
  1254 | D:2      | Found a glowing golden altar of the Shining One.
  1257 | D:2      | Reached XP level 3. HP: 18/18 MP: 4/4
  1635 | D:3      | Reached skill level 5 in Ranged Weapons
  1674 | D:3      | Reached skill level 2 in Fighting
  1880 | D:3      | Reached XP level 4. HP: 23/23 MP: 5/5
  2271 | D:4      | Reached XP level 5. HP: 26/26 MP: 6/6
  2331 | D:4      | Noticed an ogre
  2391 | D:4      | Killed an ogre
  2392 | D:4      | Reached XP level 6. HP: 32/32 MP: 7/7
  2640 | D:4      | Found a staircase to the Ecumenical Temple.
  2647 | Temple   | Entered the Ecumenical Temple
  2654 | Temple   | Became a worshipper of Warmaster Okawaru
  3140 | D:5      | Entered Level 5 of the Dungeon
  3178 | D:5      | Reached XP level 7. HP: 35/35 MP: 8/8
  3300 | D:5      | Reached skill level 3 in Fighting
  3388 | D:5      | Found a hazy altar of Hepliaklqana.
  3542 | D:5      | Reached * piety under Okawaru
  3625 | D:5      | Found a snail-covered altar of Cheibriados.
  3831 | D:6      | Reached XP level 8. HP: 28/42 MP: 9/9
  4053 | D:6      | Reached ** piety under Okawaru
  4054 | D:6      | Reached skill level 4 in Fighting
  4080 | D:6      | Noticed an unseen horror
  4106 | D:6      | Reached skill level 10 in Ranged Weapons
  4269 | D:6      | Killed an unseen horror
  4393 | D:6      | Noticed a two-headed ogre
  4464 | D:6      | Reached *** piety under Okawaru
  4465 | D:6      | Reached XP level 9. HP: 43/46 MP: 10/10
  4484 | D:6      | Killed a two-headed ogre
  4485 | D:6      | Reached skill level 5 in Fighting
  4973 | D:7      | Noticed Maggie
  5133 | D:7      | Killed Maggie
  5133 | D:7      | Reached **** piety under Okawaru
  5383 | D:7      | Found a flagged portal.
  5394 | Bailey   | Entered a bailey
  6023 | Bailey   | Reached XP level 10. HP: 53/53 MP: 11/11
  6082 | Bailey   | Noticed an orc warlord
  6084 | Bailey   | Noticed an orc knight
  6311 | Bailey   | Killed an orc knight
  6311 | Bailey   | Reached ***** piety under Okawaru
  6312 | Bailey   | Reached skill level 6 in Fighting
  6704 | Bailey   | Reached skill level 1 in Evocations
  6927 | Bailey   | Killed an orc warlord
  7100 | D:7      | Noticed Pikel
  7140 | D:7      | Killed Pikel
  7141 | D:7      | Reached skill level 5 in Dodging
  7318 | D:7      | Found a burning altar of Makhleb.
  7347 | D:7      | Found a stormy altar of Qazlal.
  7362 | D:7      | Noticed Jeremiah
  7392 | D:7      | Killed Jeremiah
  7897 | D:8      | Noticed a cyclops
  8073 | D:8      | Noticed a cyclops
  8085 | D:8      | Noticed a deep elf pyromancer
  8364 | D:8      | Noticed a boulder beetle
  8376 | D:8      | Noticed a sixfirhy
  8569 | D:8      | Killed a cyclops
  8684 | D:8      | Killed a cyclops
  8685 | D:8      | Reached skill level 7 in Fighting
  8685 | D:8      | Reached XP level 11. HP: 58/58 MP: 12/12
  9275 | D:8      | Killed a deep elf pyromancer
 10394 | D:8      | Reached ****** piety under Okawaru
 10395 | D:8      | Acquired a +6 heavy shortbow
 10395 | D:8      | Received a gift from Okawaru
 10510 | D:8      | Received a gift from Okawaru
 10512 | D:8      | Acquired the +10 swamp dragon scales of Olure {rPois Regen+
                  | Int+3 Dex-4}
 10512 | D:8      | Received a gift from Okawaru
 10529 | D:9      | You fall into a shaft and drop 1 floor!
 10529 | D:10     | Entered Level 10 of the Dungeon
 10626 | D:10     | Noticed a two-headed ogre
 10635 | D:10     | Killed a two-headed ogre
 10636 | D:10     | Reached skill level 8 in Fighting
 10682 | D:10     | Reached skill level 1 in Armour
 10899 | D:9      | Found a faded altar of an unknown god.
 10899 | D:9      | Found a faded altar of an unknown god.
 10917 | D:9      | Found an ornate altar of the Wu Jian Council.
 10919 | D:9      | Found an ancient bone altar of Kikubaaqudgha.
 10921 | D:9      | Found a glowing silver altar of Zin.
 11198 | D:9      | Found a staircase to the Lair.
 11220 | D:9      | Identified the +0 hat of the Soldier {Dex+5}
 11249 | D:9      | Noticed Prince Ribbit
 11266 | D:9      | Killed Prince Ribbit
 11423 | D:9      | Noticed a two-headed ogre
 11426 | D:9      | Killed a two-headed ogre
 11427 | D:9      | Reached skill level 15 in Ranged Weapons
 11872 | D:10     | Identified the +0 robe of Insurance {Str+2}
 12001 | D:10     | Noticed Erica
 12005 | D:10     | Killed Erica
 12294 | D:11     | Noticed a two-headed ogre
 12302 | D:11     | Killed a two-headed ogre
 12303 | D:11     | Reached XP level 12. HP: 51/65 MP: 13/13
 12328 | D:11     | Reached skill level 9 in Fighting
 12351 | D:11     | Received a gift from Okawaru
 12496 | D:11     | Found a portal to a secret trove of treasure.
 12538 | D:11     | Noticed a boulder beetle
 12552 | D:11     | Killed a boulder beetle
 12592 | D:11     | Noticed a two-headed ogre
 12597 | D:11     | Killed a two-headed ogre
 13013 | D:12     | Noticed a centaur warrior
 13079 | D:12     | Received a gift from Okawaru
 13080 | D:12     | Reached skill level 5 in Armour
 13137 | D:12     | Killed a centaur warrior
 13170 | D:12     | Found a staircase to the Orcish Mines.
 13364 | D:12     | Received a gift from Okawaru
 13365 | D:12     | Reached skill level 10 in Fighting
 13570 | D:12     | Noticed Rupert
 13577 | D:12     | Killed Rupert
 13902 | D:13     | Noticed a centaur warrior
 13906 | D:13     | Killed a centaur warrior
 13906 | D:13     | Received a gift from Okawaru
 13962 | D:13     | Reached XP level 13. HP: 68/72 MP: 14/14
 14463 | D:13     | Noticed an ironbound thunderhulk
 14547 | D:13     | Found a gate to the Vaults.
 14606 | D:13     | Killed an ironbound thunderhulk
 14800 | D:14     | Reached skill level 11 in Fighting
 14910 | D:14     | Received a gift from Okawaru
 15064 | D:14     | Identified the granite talisman of Yesterday {+Blink Dex+3}
 15064 | D:14     | Noticed Roxanne
 15076 | D:14     | Killed Roxanne
 15710 | D:15     | Entered Level 15 of the Dungeon
 15751 | D:15     | Identified a scroll of acquirement
 15751 | D:15     | Acquired 1224 gold pieces
 15803 | D:15     | Reached skill level 10 in Dodging
 15834 | D:15     | Received a gift from Okawaru
 15937 | D:15     | Identified the +5 ring mail "Wiaredue" {Str+3 Int+5}
 15950 | D:15     | Reached skill level 12 in Fighting
 15982 | D:15     | Noticed Azrael
 16056 | D:15     | Killed Azrael
 16057 | D:15     | Reached XP level 14. HP: 39/80 MP: 15/15
 16096 | D:15     | Received a gift from Okawaru
 16162 | D:15     | Found a staircase to the Depths.
 16310 | D:15     | Found an ornate altar of the Wu Jian Council.
 16580 | D:15     | Reached skill level 5 in Stealth
 16976 | Lair:1   | Entered Level 1 of the Lair of Beasts
 16986 | Lair:1   | You fall into a shaft and drop 1 floor!
 17241 | Lair:1   | Reached skill level 13 in Fighting
 17265 | Lair:1   | Received a gift from Okawaru
 18032 | Lair:2   | Found a staircase to the Swamp.
 18544 | Lair:2   | Received a gift from Okawaru
 18552 | Lair:2   | Found a staircase to the Snake Pit.
 19990 | Lair:3   | Received a gift from Okawaru
 20109 | Lair:4   | Reached skill level 14 in Fighting
 20245 | Lair:4   | Reached XP level 15. HP: 88/88 MP: 16/16
 20999 | Lair:5   | Entered Level 5 of the Lair of Beasts
 21222 | Lair:5   | Found a staircase to the Slime Pits.
 21303 | Lair:5   | Received a gift from Okawaru
 21589 | Lair:5   | Received a gift from Okawaru
 21674 | Lair:5   | Reached skill level 15 in Fighting
 21703 | Lair:5   | Found a corrupted altar of Lugonu.
 21703 | Lair:5   | Found a one-way gate to the infinite horrors of the Abyss.
 21781 | Lair:5   | Reached skill level 10 in Armour
 22186 | Lair:5   | Identified the +7 chain mail "Qumiel" {+Inv rF+ Str+4
                  | Int-3}
 22416 | Orc:1    | Entered Level 1 of the Orcish Mines
 22449 | Orc:1    | Found a transporter.
 22452 | Orc:1    | Noticed Gopad's ghost (journeyman DrSh)
 22539 | Orc:1    | Received a gift from Okawaru
 22756 | Orc:1    | Found a transporter.
 23018 | Orc:2    | Entered Level 2 of the Orcish Mines
 23459 | Orc:2    | Found Usuano's Jewellery Shoppe.
 23459 | Orc:2    | Found Gewoum's Assorted Antiques.
 23461 | Orc:2    | Found Rotailob's Antique Armour Emporium.
 23478 | Orc:2    | Found Odapocw's Weapon Emporium.
 23555 | Orc:2    | Found a staircase to the Elven Halls.
 23730 | Orc:2    | Received a gift from Okawaru
 24086 | IceCv    | Identified the "Haukhlank"
 24086 | Swamp:1  | Entered Level 1 of the Swamp
 24118 | Swamp:1  | Found a frozen archway.
 24129 | IceCv    | Entered an ice cave
 24141 | IceCv    | Reached XP level 16. HP: 96/96 MP: 17/17
 24291 | IceCv    | Reached skill level 16 in Fighting
 24391 | IceCv    | Noticed an Ice Fiend
 24393 | IceCv    | Noticed an Ice Fiend
 24414 | IceCv    | Killed an Ice Fiend
 24475 | IceCv    | Killed an Ice Fiend
 24697 | Swamp:1  | Received a gift from Okawaru
 25291 | Swamp:2  | Noticed a thorn hunter
 25300 | Swamp:2  | Killed a thorn hunter
 25501 | Swamp:2  | Received a gift from Okawaru
 25729 | Swamp:3  | Identified the of Reesorghugh
 26000 | Swamp:3  | Reached skill level 17 in Fighting
 26016 | Swamp:3  | Noticed a tentacled monstrosity
 26020 | Swamp:3  | Killed a tentacled monstrosity
 26020 | Swamp:3  | Received a gift from Okawaru
 26234 | Swamp:3  | Reached XP level 17. HP: 51/102 MP: 18/18
 26237 | Swamp:3  | Reached skill level 15 in Dodging
 26599 | Swamp:3  | Found an ancient bone altar of Kikubaaqudgha.
 26815 | Swamp:4  | Entered Level 4 of the Swamp
 26898 | Swamp:4  | Reached XP level 18. HP: 66/108 MP: 19/19
 26927 | Swamp:4  | Received a gift from Okawaru
 27058 | Swamp:4  | Found a large runed translucent door.
 27058 | Swamp:4  | Found a large runed translucent door.
 27079 | Swamp:4  | Noticed Drangen's ghost (adept SpHu)
 27220 | Swamp:4  | Noticed a tentacled monstrosity
 27227 | Swamp:4  | Killed a tentacled monstrosity
 27300 | Swamp:4  | Got a decaying rune of Zot
 27672 | Swamp:3  | Killed Drangen's ghost
 27871 | Snake:1  | Entered Level 1 of the Snake Pit
 28064 | Snake:1  | Found a runed translucent gate.
 28064 | Snake:1  | Found a runed translucent gate.
 28066 | Snake:1  | Found a runed translucent gate.
 28071 | Snake:1  | Noticed glosham's ghost (adept DESh)
 28078 | Snake:1  | Received a gift from Okawaru
 28079 | Snake:1  | Reached skill level 18 in Fighting
 28157 | Snake:1  | Found Yculupio's Book Boutique.
 28658 | Snake:1  | Killed glosham's ghost
 28664 | Snake:1  | Received a gift from Okawaru
 28714 | Snake:1  | Identified the +6 shortbow "Xupt" {drain, Fragile rF++
                  | Int+2 Dex+2}
 29047 | Snake:2  | Noticed Donald
 29070 | Snake:2  | Killed Donald
 29331 | Snake:2  | Received a gift from Okawaru
 29417 | Snake:2  | Identified the +6 quarterstaff of Myfor {flame, Dex+5}
 29535 | Snake:2  | Found Camuudgh's Book Shop.
 29535 | Snake:2  | Found Wibainym's Jewellery Emporium.
 29536 | Snake:2  | Found Holl's Book Shop.
 29630 | Snake:2  | Noticed Mlioglotl
 29722 | Snake:2  | Noticed a bone dragon
 29726 | Snake:2  | Gained mutation: You have large cloven feet. [a cacodemon]
 29731 | Snake:2  | Gained mutation: You are weak. (Str -2) [a cacodemon]
 29734 | Snake:2  | Killed Mlioglotl
 30054 | Snake:3  | Found a runed translucent door.
 30055 | Snake:3  | Noticed Tinttamiau's ghost (adept SpAr)
 30121 | Snake:3  | Reached XP level 19. HP: 115/115 MP: 20/20
 30382 | Snake:3  | Reached skill level 19 in Fighting
 30405 | Snake:3  | Noticed Jorgrun
 30408 | Snake:3  | Found Pepson's Jewellery Emporium.
 30422 | Snake:3  | Killed Jorgrun
 30422 | Snake:3  | Received a gift from Okawaru
 30463 | Snake:3  | Bought the ring of Daisies {rN+ Int+3 Dex+5} for 788 gold
                  | pieces
 30466 | Snake:3  | Found Renuqi's Magic Scroll Shoppe.
 30472 | Snake:3  | Bought a scroll of teleportation for 30 gold pieces
 30737 | Snake:3  | Killed Tinttamiau's ghost
 30782 | Snake:4  | Entered Level 4 of the Snake Pit
 31249 | Snake:4  | Received a gift from Okawaru
 31297 | Snake:4  | Found Rehozejew's Antique Armour Shop.
 32090 | Snake:4  | Received a gift from Okawaru
 32365 | Snake:4  | Reached skill level 20 in Fighting
 32690 | Snake:4  | Identified the +1 lajatang of Xainetea {elec, Fragile rElec
                  | rN+++ MP-9}
 32839 | Snake:4  | Received a gift from Okawaru
 32844 | Snake:4  | Got a serpentine rune of Zot
 33318 | Vaults:5 | Identified the "Zedghiur"
 33318 | Vaults:5 | Identified the "Qezac"
 33318 | Crypt:3  | Identified the "Jilluiq"
 33318 | WizLab   | Identified the "Yrusuh"
 33318 | Depths:1 | Entered Level 1 of the Depths
 33318 | Depths:1 | Found a gateway to Hell.
 33327 | Depths:1 | Found Qiutamykk's Neck Hole.
 33332 | Depths:1 | Bought a +0 cloak of preservation for 241 gold pieces
 33619 | Depths:1 | Identified the +0 leather armour of Panentheism {Rampage
                  | Dex+3}
 33726 | Depths:1 | Found a one-way gate leading to the halls of Pandemonium.
 33851 | Depths:1 | Reached XP level 20. HP: 121/124 MP: 21/21
 33997 | Depths:1 | Identified the serpent talisman of Pathos {rElec rF+}
 33997 | Depths:1 | Noticed Aizul
 34017 | Depths:1 | Killed Aizul
 34150 | Depths:1 | Received a gift from Okawaru
 34727 | D:11     | You paid a toll of +4 fire dragon scales to enter a
                  | treasure trove
 34728 | Trove    | Entered a treasure trove
 34736 | Trove    | Identified the amulet "Mugagung" {Reflect rC+ Int+3 SH+5}
 34742 | Trove    | Identified the ring of Ketyfud {rElec rF+ Str+2}
 34768 | Trove    | Identified the ring of the Gloaming {rElec rN+ EV+5 Str-4}
 34776 | Trove    | Identified the amulet of Niklass {Reflect rC++ Str+5 Int-3
                  | SH+5}
 34787 | D:11     | Lost mutation: You have large cloven feet. [potion of
                  | mutation]
 34787 | D:11     | Lost mutation: You are weak. (Str -2) [potion of mutation]
 34787 | D:11     | Gained mutation: You possess an exceptional clarity of
                  | mind. [potion of mutation]
 34787 | D:11     | Lost mutation: You possess an exceptional clarity of mind.
                  | [potion of mutation]
 34848 | Vaults:1 | Entered Level 1 of the Vaults
 35382 | Vaults:1 | Noticed Zenata
 35681 | Vaults:1 | You fall into a shaft and drop 1 floor!
 35737 | Vaults:2 | Found Mer Tumy's Jewellery Shop.
 35839 | Vaults:2 | Reached skill level 1 in Shields
 36026 | Vaults:1 | Received a gift from Okawaru
 36072 | Vaults:1 | Reached skill level 21 in Fighting
 36205 | Vaults:1 | HP: 5/126 [+1 heavy scimitar[Zenata] (14)]
 36209 | Vaults:1 | Killed Zenata
 37148 | Vaults:2 | Noticed Mennas
 37405 | Depths:3 | Identified the "Setsota"
 37405 | Elf:1    | Entered Level 1 of the Elven Halls
 37413 | Elf:1    | Paralysed by an air elemental for 1 turns
 37433 | Elf:1    | Paralysed by an air elemental for 1 turns
 37486 | Elf:1    | Found Feluang's General Store.
 37512 | Elf:1    | Paralysed by an air elemental for 1 turns
 37812 | Orc:2    | Received a gift from Okawaru
 38273 | Elf:1    | Shot with an arrow by a deep elf archer

Illustrated notes

Levels and vault maps discovered:
D:1:      minmay_arrival_open_corners, layout_basic
D:2:      layout_rooms, basic_altar, kennysheep_generic_room_13
D:3:      layout_basic, minmay_goblin_outpost
D:4:      layout_rooms, temple_statues, serial_bayou, serial_bayou_pond_d,
          serial_bayou_crossing, serial_bayou_shore_a, serial_bayou_lake_a,
          nicolae_figureground_pulse
D:5:      layout_rooms, nicolae_hepliaklqana_hippocampus, slow_altar_2,
          grunt_ministairs_9
D:6:      layout_rooms, amcnicky_mini_pool_small, kb_rosetta
D:7:      layout_loops_ring, mainiacjoe_overflow_boulevard,
          nicolae_qazlal_general_emergency, enter_bailey_3, uniq_maggie,
          uniq_jeremiah, uniq_pikel
D:8:      minmay_diamond_stairs, layout_rooms, minmay_mini_ossuary
D:9:      layout_stronghold, chequers_temple_overflow_minitemple,
          lair_entry_dummy, kennysheep_generic_room_16, uniq_prince_ribbit1
D:10:     layout_roguey, uniq_erica
D:11:     layout_gridville, enter_trove_0, grunt_ministairs_3
D:12:     layout_basic, orc_0_dummy, minmay_diamond_spiral, uniq_rupert
D:13:     layout_irregular_city, hellmonk_vaults_keyhole
D:14:     layout_roguey, kennysheep_crisscross, nicolae_underground_beach,
          uniq_roxanne
D:15:     hangedman_depths_entry_civil_slaughter, layout_basic,
          pdpol_wu_jian_five_deadly_venoms, drop_trap, minivault_16,
          grunt_decor_arrowhead, minmay_misc_feat_doors, uniq_azrael
Temple:   nicolae_temple_bog_church
Lair:1:   layout_cellular_growth, nicolae_lair_lindhole
Lair:2:   layout_chaotic_city, mainiacjoe_swamp_entry_lozenge_pond,
          minmay_snake_entry_guardpost_medium, chequers_serial_rivers_room_b,
          infiniplex_staircase_pool, grunt_megastairs_2
Lair:3:   wad_woods_minihive, layout_cave_pods, grunt_forest_large_clearings,
          serial_bayou_shore_b
Lair:4:   layout_cave_pods
Lair:5:   hellmonk_lair_end_abyssal_woods, layout_regular_city, slime_entry_1
Swamp:1:  layout_basic_swamp, portal_ice_cave_entry_ice_statue_one,
          hangedman_swamp_ruin_wall
Swamp:2:  layout_basic_swamp, nicolae_swamp_big_swirl
Swamp:3:  nzn_winding_woodlands_medium [nzn_winding_woodlands_5x5_perimeter,
          nzn_winding_woodlands_5x15_zeroes, nzn_winding_woodlands_5x5_cross,
          nzn_winding_woodlands_5x5_checkerboard,
          nzn_winding_woodlands_center_diamonds,
          nzn_winding_woodlands_5x5_default, nzn_winding_woodlands_5x5_default,
          nzn_winding_woodlands_5x15_river_crossing,
          nzn_winding_woodlands_5x5_open_star], layout_basic_swamp,
          evilmike_swamp_ruin_house_3, nicolae_swamp_very_dense_foliage,
          swamp_pool_1_2, ldierk_geyser, beargit_kiku_chapel
Swamp:4:  swamp_alternative, layout_basic_swamp, ebering_ghost_disaster_area
Snake:1:  nicolae_snake_unarmed_stairs_patrol, layout_basic, serial_shops, shop,
          gammafunk_ghost_split, nicolae_snake_coiling_death
Snake:2:  layout_onion, drop_trap, serial_bayou_pond_c, minmay_shop_grove,
          grunt_megastairs_1, uniq_donald, uniq_mlioglotl
Snake:3:  layout_misc_corridors, hellmonk_ghost_happy_afterlife,
          minmay_shoptagon, uniq_jorgrun
Snake:4:  snake_pit_salamanders_mu, layout_layer_cave, nicolae_snake_snakewalk,
          minmay_shop_star, serial_bayou_shore_b
Orc:1:    layout_caves, basic_altar, gammafunk_ghost_berserking_beasts,
          david_defended_altar_orc
Orc:2:    st_orc_mages, layout_caves, basic_altar
Elf:1:    layout_rooms, serial_shops, nicolae_shop_tiny_statue_garden,
          hangedman_elven_crosses_minicolossus, st_stairs_7
Vaults:1: v_alt_pattern_3, vaults_mumra_minichess, dpeg_vaults_monster_box,
          vaults_room_stairs_pillars, nicolae_vaults_trapezoid_lopsided_4,
          v_pattern_1, nicolae_vaults_surprise_closet,
          layout_vaults_chaotic_city, uniq_zenata
Vaults:2: nicolae_vaults_tetromino_L_2, vaults_room_large_hall,
          nicolae_vaults_trapezoid_lopsided_4, nicolae_vaults_mini_display_case,
          nicolae_vaults_network_star, nicolae_vaults_an_arrangement,
          ontoclasm_vaults_decontamination, nicolae_vaults_little_squares_6,
          nicolae_vaults_big_angled_halls, nicolae_vaults_diagonal_hallway_6,
          vaults_dpeg_hooks, nicolae_vaults_storage_room_glass,
          layout_vaults_omnicross, serial_shops,
          nicolae_shop_tiny_statue_garden, uniq_asterion, uniq_mennas
Depths:1: layout_roguey, nrook_campfire, grunt_pan_entry_zigzag, hell_entry,
          nicolae_shop_sticking_my_neck_out, grunt_megastairs_3, uniq_aizul

Skill      XL: |  1  2  3  4  5  6  7  8  9 10 11 12 13 14 15 16 17 18 19 20 |
---------------+-------------------------------------------------------------+-----
Ranged Weapons | 5 6 7 9 10 12 14 15 | 15.3
Fighting       | 2 3 4 5 7 8 10 12 14 15 17 18 20 21 | 21.3
Dodging        | 3 4 5 6 8 10 11 13 14 15 17 18 19 | 19.9
Stealth        | 2 3 4 5 6 7 |  7.4
Evocations     | 3 |  3.7
Armour         | 3 6 8 9 10 11 12 13 | 13.4
Shields        | 2 |  2.5

Action                     |  1- 3 |  4- 6 |  7- 9 | 10-12 | 13-15 | 16-18 | 19-21 || total
---------------------------+-------+-------+-------+-------+-------+-------+-------++-------
   Fire: Shortbow          |   100 |   151 |   478 |  1052 |  1325 |  1223 |  1888 ||  6217
 Invoke: Receive Weapon    |       |       |       |     1 |       |       |       ||     1
         Receive Armour    |       |       |       |     1 |       |       |       ||     1
  Evoke: Wand              |       |       |       |    26 |     1 |       |       ||    27
    Use: Scroll            |    11 |     1 |     5 |     3 |    10 |     2 |    13 ||    45
         Potion            |       |       |    11 |     3 |       |     2 |     4 ||    20
 Armour: Robe              |    15 |    26 |    51 |    11 |       |       |       ||   103
         Steam dragon scal |       |       |       |    67 |       |       |       ||    67
         Swamp dragon scal |       |       |       |   115 |   279 |   374 |   609 ||  1377
  Dodge: Dodged            |    24 |    70 |   103 |   310 |   809 |  1396 |  1620 ||  4332
  Block: Other             |       |       |       |       |       |       |   187 ||   187
         Reflection        |       |       |       |       |       |       |    23 ||    23

Table legend: (Time is in decaauts)
 A = Elapsed time spent in this place.
 B = Non-inter-level travel time spent in this place.
 C = Inter-level travel time spent in this place.
 D = Time resting spent in this place.
 E = Time spent auto-exploring this place.
 F = Levels seen in this place.
 G = Mean time per level.
                   A        B        C        D        E       F      G
               +--------+--------+--------+--------+--------+-----+--------+
         Total |  28347 |  27223 |   1124 |     45 |  16575 |  38 |  746.0 |
       Dungeon |  11873 |  11263 |    610 |     44 |   7576 |  15 |  791.5 |
        Temple |      8 |      8 |      0 |      0 |      0 |   1 |    8.0 |
          Lair |   3872 |   3634 |    238 |      0 |   2283 |   5 |  774.4 |
         Swamp |   2717 |   2690 |     27 |      0 |   1548 |   4 |  679.2 |
     Snake Pit |   3808 |   3657 |    151 |      0 |   1982 |   4 |  952.0 |
  Orcish Mines |   1763 |   1709 |     54 |      0 |   1123 |   2 |  881.5 |
   Elven Halls |    238 |    238 |      0 |      0 |     52 |   1 |  238.0 |
        Vaults |   1879 |   1847 |     32 |      0 |   1152 |   2 |  939.5 |
        Depths |    625 |    616 |      9 |      0 |    322 |   1 |  625.0 |
         Trove |     46 |     46 |      0 |      0 |      9 |   1 |   46.0 |
        Bailey |   1136 |   1136 |      0 |      1 |    371 |   1 | 1136.0 |
      Ice Cave |    377 |    377 |      0 |      0 |    154 |   1 |  377.0 |
               +--------+--------+--------+--------+--------+-----+--------+

Top non-repeatable levels by time:
     D:7: 1677 daAuts
Vaults:1: 1618 daAuts
 Snake:4: 1566 daAuts
     D:6: 1442 daAuts
   Orc:2: 1313 daAuts
  Bailey: 1136 daAuts
     D:8: 1037 daAuts
 Swamp:3: 1003 daAuts
  Lair:5: 948 daAuts
    D:15: 851 daAuts
 Snake:1: 832 daAuts
    D:12: 828 daAuts
     D:9: 805 daAuts
  Lair:2: 804 daAuts
 Snake:2: 802 daAuts
